BSA
IRVINE GANG GREEN @ PLYMOUTH ROCKS
10/12/2027
 
TOP OF THE 1ST
Irvine Gang Green batting - Pitching for Plymouth Rocks : RHP José Martínez
Pitching: RHP José Martínez
Batting: LHB Leonardo Medina 0-0: Called Strike
0-1: Foul Ball, location: 2F
0-2: DOUBLE (Flyball, 9)
Batting: RHB José Salazar 0-0: Ground out 5-3 (Groundball, 5L)
Batting: LHB Jorge Martínez 0-0: Ball
1-0: Ball
2-0: Ball
3-0: Base on Balls
Batting: LHB Jesús Campos 0-0: Ball
1-0: Ball
2-0: Foul Ball, location: 2F
2-1: Ball
3-1: Base on Balls
Leonardo Medina to third
Jorge Martínez to second
Batting: RHB Eichiro Yamamoto 0-0: Called Strike
0-1: Foul Ball, location: 2F
0-2: Ball
1-2: Ball
2-2: Ball
Wild Pitch!
Leonardo Medina scores
Jorge Martínez to third
Jesús Campos to second
3-2: Strikes out swinging
Batting: LHB Bill Murphy 0-0: Ball
1-0: Ball
2-0: Ball
3-0: Called Strike
3-1: Swinging Strike
3-2: Fly out, F8 (Flyball, 8LD)
Top of the 1st over - 1 run(s), 1 hit(s), 0 error(s), 2 left on base; Irvine 1 - Plymouth 0
BOTTOM OF THE 1ST
Plymouth Rocks batting - Pitching for Irvine Gang Green : RHP Takehide Ono
Pitching: RHP Takehide Ono
Batting: LHB Roy Patrick 0-0: Called Strike
0-1: Foul Ball, location: 2F
0-2: Foul Ball, location: 2F
0-2: Ball
1-2: Strikes out swinging
Batting: RHB Andrés Lara 0-0: Fly out, F8 (Line Drive, 8LM)
Batting: LHB Barrett Waters 0-0: Ball
1-0: Called Strike
1-1: Ball
2-1: Swinging Strike
2-2: Fly out, F8 (Flyball, 8LD)
Bottom of the 1st over - 0 run(s), 0 hit(s), 0 error(s), 0 left on base; Irvine 1 - Plymouth 0
TOP OF THE 2ND
Irvine Gang Green batting - Pitching for Plymouth Rocks : RHP José Martínez
Batting: RHB Tyler Wagner 0-0: Called Strike
0-1: Ball
1-1: Ball
2-1: SINGLE (Flyball, 78S)
Batting: RHB Tom Doherty 0-0: Ball
1-0: Grounds into double play, 6-4-3 (Groundball, 6)
Batting: RHB Ronnie Brown 0-0: Fly out, F5 (Popup, 56)
Top of the 2nd over - 0 run(s), 1 hit(s), 0 error(s), 0 left on base; Irvine 1 - Plymouth 0
BOTTOM OF THE 2ND
Plymouth Rocks batting - Pitching for Irvine Gang Green : RHP Takehide Ono
Batting: LHB Roger Moore 0-0: Called Strike
0-1: Ball
1-1: TRIPLE (Flyball, 78D)
Batting: RHB Jorge Jiménez 0-0: Called Strike
0-1: Foul Ball, location: 2F
0-2: Ball
1-2: Foul Ball, location: 2F
1-2: Foul Ball, location: 2F
1-2: Fly out, F5 (Popup, 5S)
Batting: SHB Víctor Serrano 0-0: Swinging Strike
0-1: Fly out, F8 (Flyball, 8LD)
Runner from 3rd tags up, SCORES, no throw
Batting: RHB Taylor McFarland 0-0: Ball
1-0: Ground out 5-3 (Groundball, 56)
Bottom of the 2nd over - 1 run(s), 1 hit(s), 0 error(s), 0 left on base; Irvine 1 - Plymouth 1
TOP OF THE 3RD
Irvine Gang Green batting - Pitching for Plymouth Rocks : RHP José Martínez
Batting: LHB Leonardo Medina 0-0: Ground out 4-3 (Groundball, 34)
Batting: RHB José Salazar 0-0: Fly out, F8 (Flyball, 8LM)
Batting: LHB Jorge Martínez 0-0: Ball
1-0: Called Strike
1-1: Swinging Strike
1-2: Ball
2-2: Ball
3-2: Strikes out swinging, 2-3 out at first.
Top of the 3rd over - 0 run(s), 0 hit(s), 0 error(s), 0 left on base; Irvine 1 - Plymouth 1
BOTTOM OF THE 3RD
Plymouth Rocks batting - Pitching for Irvine Gang Green : RHP Takehide Ono
Batting: RHB António Gonzáles 0-0: SINGLE (Line Drive, 7S)
Batting: RHB Luis Sánchez 0-0: Grounds into double play, 5-4-3 (Groundball, 56)
Batting: LHB Roy Patrick 0-0: Foul Ball, location: 2F
0-1: Ball
1-1: Ground out U3 (Groundball, 34)
Bottom of the 3rd over - 0 run(s), 1 hit(s), 0 error(s), 0 left on base; Irvine 1 - Plymouth 1
TOP OF THE 4TH
Irvine Gang Green batting - Pitching for Plymouth Rocks : RHP José Martínez
Batting: LHB Jesús Campos 0-0: Ball
1-0: SINGLE (Groundball, 34D)
Batting: RHB Eichiro Yamamoto 0-0: Ball
1-0: Ball
2-0: Called Strike
2-1: Ball
3-1: Foul Ball, location: 2F
3-2: Foul Ball, location: 2F
3-2: Foul Ball, location: 2F
3-2: Foul Ball, location: 2F
3-2: Strikes out looking
Batting: LHB Bill Murphy 0-0: Ball
1-0: Ball
2-0: Foul Ball, location: 2F
2-1: Foul Ball, location: 2F
2-2: Ball
3-2: Foul Ball, location: 2F
3-2: Strikes out swinging
Batting: RHB Tyler Wagner 0-0: Ball
1-0: SINGLE (Groundball, 56D)
Jesús Campos to second
Batting: RHB Tom Doherty 0-0: Ground out U3 (Groundball, 34S)
Top of the 4th over - 0 run(s), 2 hit(s), 0 error(s), 2 left on base; Irvine 1 - Plymouth 1
BOTTOM OF THE 4TH
Plymouth Rocks batting - Pitching for Irvine Gang Green : RHP Takehide Ono
Batting: RHB Andrés Lara 0-0: Ball
1-0: Ball
2-0: Ground out 6-3 (Groundball, 6M)
Batting: LHB Barrett Waters 0-0: Called Strike
0-1: Foul Ball, location: 2F
0-2: Foul Ball, location: 2F
0-2: Ball
1-2: Foul Ball, location: 2F
1-2: Fly out, F8 (Flyball, 89S)
Batting: LHB Roger Moore 0-0: SINGLE (Line Drive, 89M)
Batting: RHB Jorge Jiménez 0-0: Called Strike
0-1: Foul Ball, location: 2F
0-2: Ball
Roger Moore steals 2nd base
1-2: Foul Ball, location: 2F
1-2: Ball
2-2: Foul Ball, location: 2F
2-2: Foul Ball, location: 2F
2-2: Strikes out swinging
Bottom of the 4th over - 0 run(s), 1 hit(s), 0 error(s), 1 left on base; Irvine 1 - Plymouth 1
TOP OF THE 5TH
Irvine Gang Green batting - Pitching for Plymouth Rocks : RHP José Martínez
Batting: RHB Ronnie Brown 0-0: Called Strike
0-1: Ball
1-1: Called Strike
1-2: Foul Ball, location: 2F
1-2: Ball
2-2: Strikes out swinging
Batting: LHB Leonardo Medina 0-0: Ball
1-0: Fly out, F2 (Popup, 3S)
Batting: RHB José Salazar 0-0: Ball
1-0: Foul Ball, location: 2F
1-1: Foul Ball, location: 2F
1-2: Fly out, F8 (Flyball, 8RM)
Top of the 5th over - 0 run(s), 0 hit(s), 0 error(s), 0 left on base; Irvine 1 - Plymouth 1
BOTTOM OF THE 5TH
Plymouth Rocks batting - Pitching for Irvine Gang Green : RHP Takehide Ono
Batting: SHB Víctor Serrano 0-0: Called Strike
0-1: Called Strike
0-2: Ball
1-2: Ball
2-2: Ball
3-2: Foul Ball, location: 2F
3-2: Base on Balls
Batting: RHB Taylor McFarland 0-0: Ball
1-0: Swinging Strike
1-1: Called Strike
1-2: Grounds into double play, 4-6-3 (Groundball, 4)
Batting: RHB António Gonzáles 0-0: Called Strike
0-1: Ball
1-1: Swinging Strike
1-2: Strikes out looking
Bottom of the 5th over - 0 run(s), 0 hit(s), 0 error(s), 0 left on base; Irvine 1 - Plymouth 1
TOP OF THE 6TH
Irvine Gang Green batting - Pitching for Plymouth Rocks : RHP José Martínez
Batting: LHB Jorge Martínez 0-0: Called Strike
0-1: Ball
1-1: Ball
2-1: Foul Ball, location: 2F
2-2: Ground out 1-3 (Groundball, 15S)
Batting: LHB Jesús Campos 0-0: Ball
1-0: Ball
2-0: Ball
3-0: Called Strike
3-1: Called Strike
3-2: Ground out 4-3 (Groundball, 4)
Batting: RHB Eichiro Yamamoto 0-0: Swinging Strike
0-1: Foul Ball, location: 2F
0-2: Ball
1-2: Strikes out swinging
Top of the 6th over - 0 run(s), 0 hit(s), 0 error(s), 0 left on base; Irvine 1 - Plymouth 1
BOTTOM OF THE 6TH
Plymouth Rocks batting - Pitching for Irvine Gang Green : RHP Takehide Ono
Batting: RHB Luis Sánchez 0-0: Called Strike
0-1: Ground out 6-3 (Groundball, 6)
Batting: LHB Roy Patrick 0-0: Ball
1-0: Fly out, F8 (Flyball, 8LS)
Batting: RHB Andrés Lara 0-0: Ball
1-0: Foul Ball, location: 2F
1-1: Ball
2-1: Ball
3-1: Base on Balls
Batting: LHB Barrett Waters 0-0: Ball
1-0: Ball
2-0: Ball
3-0: Called Strike
3-1: Foul Ball, location: 2F
3-2: Base on Balls
Andrés Lara to second
Batting: LHB Roger Moore 0-0: Swinging Strike
0-1: Foul Ball, location: 2F
0-2: Ball
1-2: DOUBLE (Flyball, 8LXD)
Andrés Lara scores
Barrett Waters to third
Runner from 3rd tries for Home, SAFE, no throw
Batting: RHB Jorge Jiménez 0-0: Swinging Strike
0-1: Ground out 6-3 (Groundball, 6)
Bottom of the 6th over - 2 run(s), 1 hit(s), 0 error(s), 1 left on base; Irvine 1 - Plymouth 3
TOP OF THE 7TH
Irvine Gang Green batting - Pitching for Plymouth Rocks : RHP José Martínez
Pitching: LHP Manuel Parra
Batting: LHB Bill Murphy 0-0: Ball
1-0: Called Strike
1-1: Foul Ball, location: 2F
1-2: Strikes out swinging, 2-3 out at first.
Batting: RHB Tyler Wagner 0-0: Swinging Strike
0-1: Ball
1-1: Swinging Strike
1-2: Ball
2-2: SINGLE (Line Drive, 4D)
Batting: RHB Tom Doherty 0-0: Ball
Tyler Wagner steals 2nd base
1-0: Called Strike
1-1: Ground out 6-3 (Groundball, 6)
Tyler Wagner to third
Batting: RHB Ronnie Brown 0-0: Called Strike
0-1: Foul Ball, location: 2F
0-2: Ground out 6-3 (Groundball, 56)
Top of the 7th over - 0 run(s), 1 hit(s), 0 error(s), 1 left on base; Irvine 1 - Plymouth 3
BOTTOM OF THE 7TH
Plymouth Rocks batting - Pitching for Irvine Gang Green : RHP Takehide Ono
Batting: SHB Víctor Serrano 0-0: Foul Ball, location: 2F
0-1: Foul Ball, location: 2F
0-2: Fly out, F8 (Flyball, 8LXD)
Batting: RHB Taylor McFarland 0-0: Called Strike
0-1: SINGLE (Line Drive, 56D)
Batting: RHB António Gonzáles 0-0: Called Strike
0-1: Ball
1-1: SINGLE (Groundball, 6) (infield hit)
Taylor McFarland to second
Pitching: RHP Raúl Saltines
Batting: RHB Luis Sánchez 0-0: Ball
1-0: Ball
2-0: Grounds into double play, 4-6-3 (Groundball, 4)
Bottom of the 7th over - 0 run(s), 2 hit(s), 0 error(s), 1 left on base; Irvine 1 - Plymouth 3
TOP OF THE 8TH
Irvine Gang Green batting - Pitching for Plymouth Rocks : LHP Manuel Parra
Batting: LHB Leonardo Medina 0-0: Called Strike
0-1: Swinging Strike
0-2: Strikes out swinging
Batting: RHB José Salazar 0-0: Foul Ball, location: 2F
0-1: Called Strike
0-2: Foul Ball, location: 2F
0-2: Foul Ball, location: 2F
0-2: Ball
1-2: Foul Ball, location: 2F
1-2: Ground out 6-3 (Groundball, 6)
Batting: LHB Jorge Martínez 0-0: Called Strike
0-1: Called Strike
0-2: Strikes out looking
Top of the 8th over - 0 run(s), 0 hit(s), 0 error(s), 0 left on base; Irvine 1 - Plymouth 3
BOTTOM OF THE 8TH
Plymouth Rocks batting - Pitching for Irvine Gang Green : RHP Raúl Saltines
Batting: LHB Roy Patrick 0-0: Ball
1-0: Called Strike
1-1: Ball
2-1: SOLO HOME RUN (Flyball, 7D), Distance : 390 ft
Pitching: LHP Santiago González
Batting: RHB Andrés Lara 0-0: Called Strike
0-1: Ball
1-1: Foul Ball, location: 2F
1-2: Ground out 4-3 (Groundball, 4)
Batting: LHB Barrett Waters 0-0: Ball
1-0: Ball
2-0: Foul Ball, location: 2F
2-1: SINGLE (Groundball, 4MD)
Batting: LHB Roger Moore 0-0: Ball
1-0: Ball
2-0: Called Strike
2-1: Foul Ball, location: 2F
2-2: Foul Ball, location: 2F
2-2: Strikes out looking
Batting: RHB Jorge Jiménez 0-0: Ball
1-0: Foul Ball, location: 2F
1-1: Swinging Strike
1-2: Ball
Balk!
Barrett Waters to second
2-2: Foul Ball, location: 2F
2-2: Strikes out swinging
Bottom of the 8th over - 1 run(s), 2 hit(s), 0 error(s), 1 left on base; Irvine 1 - Plymouth 4
TOP OF THE 9TH
Irvine Gang Green batting - Pitching for Plymouth Rocks : LHP Manuel Parra
Pitching: RHP Scot MacIntosh
Batting: LHB Jesús Campos 0-0: Called Strike
0-1: Ball
1-1: Foul Ball, location: 2F
1-2: Foul Ball, location: 2F
1-2: Ball
2-2: Foul Ball, location: 2F
2-2: Fly out, F9 (Flyball, 9D)
Batting: RHB Eichiro Yamamoto 0-0: Ball
1-0: Called Strike
1-1: Foul Ball, location: 2F
1-2: Foul Ball, location: 2F
1-2: Fly out, F9 (Flyball, 89M)
Batting: LHB Bill Murphy 0-0: Ball
1-0: Ball
2-0: Foul Ball, location: 2F
2-1: Ball
3-1: Base on Balls
Batting: RHB Tyler Wagner 0-0: Ball
1-0: Fly out, F9 (Flyball, 9D)
Top of the 9th over - 0 run(s), 0 hit(s), 0 error(s), 1 left on base; Irvine 1 - Plymouth 4
Thursday, March 30th, 2017 - OOTP Baseball 17.12 Build 75